 Dungeon Crawl Stone Soup version 0.17-a0-1522-g6c5b4ba (webtiles) character file.

98 Goblin1989 the Cudgeler (level 4, -11/28 HPs)
             Began as a Gargoyle Fighter on July 14, 2015.
             Mangled by an ogre
             ... wielding a +0 giant club
              (22 damage)
             ... on level 2 of the Dungeon.
             The game lasted 00:03:33 (1917 turns).

Goblin1989 the Cudgeler (Gargoyle Fighter)          Turns: 1917, Time: 00:03:33

Health: -11/28     AC: 10    Str: 21    XL:     4   Next: 69%
Magic:  4/4        EV:  7    Int:  8    God:
Gold:   85         SH:  9    Dex:  9    Spells: 0 memorised, 3 levels left

rFire  . . .     SeeInvis .     a - +0 flail
rCold  . . .     Clarity  .     b - +0 scale mail
rNeg   + . .     SustAt   .     c - +0 shield
rPois  ∞         Gourm    .     (no helmet)
rElec  +         Spirit   .     (no cloak)
rCorr  .         Warding  .     (no gloves)
rMut   .         Stasis   .     (no boots)
MR     .....                    (no amulet)
Stlth  ..........               (no ring)
                                (no ring)

@: not resistant to hostile enchantments, extremely unstealthy
A: negative energy resistance 1, electricity resistance, unbreathing,
petrification resistance, rot immunity, AC +3
a: no special abilities


You were on level 2 of the Dungeon.
You were hungry.

You visited 1 branch of the dungeon, and saw 2 of its levels.

You collected 85 gold pieces.

Inventory:

Hand weapons
 a - a +0 flail (weapon)
Armour
 b - a +0 scale mail (worn)
 c - a +0 shield (worn)
 t - a +0 chain mail
Jewellery
 g - an uncursed ring of see invisible {unknown}
 m - an uncursed amulet of warding {unknown}
Scrolls
 f - 2 scrolls of blinking {unknown}
 h - a scroll of amnesia {unknown}
 i - a scroll of enchant armour {unknown}
 j - 2 scrolls of identify {unknown}
 l - a scroll of teleportation {unknown}
 p - a scroll of random uselessness {unknown}
 q - 2 scrolls of immolation {unknown}
Potions
 d - a potion of might
 k - 2 potions of agility {unknown}
 n - a potion of heal wounds {unknown}
 o - a potion of cure mutation {unknown}
 s - a potion of haste {unknown}
Comestibles
 e - 2 bread rations
 r - a meat ration
 u - a slice of pizza


   Skills:
 - Level 3.2 Fighting
 + Level 4.7 Maces & Flails
 - Level 3.2 Armour
 - Level 3.2 Shields


You had 3 spell levels left.
You didn't know any spells.

Dungeon Overview and Level Annotations

Branches:
Dungeon (2/15)

Altars:


Innate Abilities, Weirdness & Mutations

You are resistant to torment.
Your stone body is resilient (AC +3).
You are immune to poison.
You resist negative energy.
You are resistant to electric shocks.
You can survive without breathing.
You are immune to petrification.
You are immune to rotting.


Message History

The gnoll is heavily wounded.
You block the gnoll's attack.
You hit the gnoll but do no damage.
The gnoll is heavily wounded.
The gnoll hits you with a flail.
You hit the gnoll.
The gnoll is almost dead.
You block the gnoll's attack.
You hit the gnoll.
You kill the gnoll!
The ogre hits you with a giant club.
You hit the ogre but do no damage. The ogre barely misses you.
You hit the ogre.
The ogre is moderately wounded.
The ogre barely misses you.
You hit the ogre.
The ogre is heavily wounded.
The ogre hits you with a giant club!!
Ouch! That really hurt!
You die...

.. #..#. .# ...#. #.##
#..#. #... .# #..#.##..#
#♣♣###♣## #§§♣# #..#..#..#
#....#..#...P.## #..##.#..#
#P.♣P.P....♣P.P
#..##.#..###♣.P.#♣.♣♣...≈
............♣♣P#@#♣†♣♣.♣.
.####....###♣♣##O##♣..♣♣.♣♣
.# #....###♣♣ .$.#.♣.......
># #........♣##.##.P♣♣♣♣..P
.####..........#+#.......♣
.
.............♣♣♣#.♣♣.♣♣♣...
.####.#......♣...[)♣.♣ # .#
#.#.......♣P..♣.P.♣ ...
..#......P♣♣♣...♣.♣


You could see an ogre.

Vanquished Creatures
  2 gnolls
  3 river rats (D:2)
  An adder (D:2)
  A worm (D:2)
  A giant gecko (D:2)
  6 bats
  3 goblins (D:1)
  5 hobgoblins
  3 kobolds
  2 ball pythons
  2 giant cockroaches (D:1)
  4 giant newts
  A quokka (D:2)
  6 rats
40 creatures vanquished.

Vanquished Creatures (others)
  A plant (D:2)
1 creature vanquished.

Grand Total: 41 creatures vanquished

Notes
Turn   | Place    | Note
--------------------------------------------------------------
     0 | D:1      | Goblin1989 the Gargoyle Fighter began the quest for the Orb.
     0 | D:1      | Reached XP level 1. HP: 14/14 MP: 1/1
   198 | D:1      | Reached XP level 2. HP: 19/19 MP: 2/2
   457 | D:1      | Reached XP level 3. HP: 9/23 MP: 3/3
  1547 | D:2      | Reached skill level 4 in Maces & Flails
  1567 | D:2      | Reached XP level 4. HP: 21/28 MP: 4/4
  1908 | D:2      | Noticed an ogre
  1917 | D:2      | Mangled by an ogre

Vault maps used:
D:1:      dpeg_arrival_chambers_temple_mockup, serial_bayou_ford_a
D:2:      wad_woods_tower, lemuel_coloured_pillars_altar

Action                   |  1- 3 |  4- 6 || total
-------------------------+-------+-------++-------
Melee: Flail             |   143 |    56 ||   199
  Eat: Chunk             |     1 |     2 ||     3
